Map: Curious Minds LE

Players

HeroMarine

  • Race: Terran Terran
  • League: Master

Reynor - Winner!

  • Race: Zerg Zerg
  • League: Master

Event: TSL 8

VOD

Have the link to the VOD?

Description

Time

  • Played on: Dec. 10, 2021, 12:20 p.m.
  • Length: 9:53

All games in this series

Show
View Real Time Build Order
Export as new Build Order

HeroMarine Terran 

Build Orders:  

Get SALT Encoding   

  12  0:00  SCV  
  13  0:12  SCV  
  14  0:16  Supply Depot  
  14  0:24  SCV  
  15  0:38  SCV  
  15  0:40  Barracks  
  16  0:43  Refinery  
  16  0:50  SCV  
  17  1:02  SCV  
  18  1:14  SCV  
  19  1:27  Barracks Reactor, Orbital Command  
  19  1:38  Command Center  
  19  1:49  Barracks  
  19  1:53  SCV  
  20  1:59  Supply Depot  
  20  2:03  Marine  
  20  2:04  Marine  
  20  2:08  SCV  
  23  2:16  Barracks  
  23  2:20  SCV  
  23  2:22  Marine  
  25  2:25  Marine  
  26  2:32  SCV  
  26  2:36  Barracks Tech Lab  
  27  2:40  Marine  
  28  2:44  SCV  
  28  2:45  Marine  
  28  2:50  Orbital Command  
  30  2:56  SCV  
  30  2:58  Marine  
  32  3:00  Stimpack, Marine  
  32  3:02  Marine  
  34  3:05  Barracks Tech Lab  
  34  3:08  SCV  
  34  3:12  Refinery  
  35  3:15  Marine  
  35  3:16  SCV  
  35  3:18  Marine  
  38  3:20  Marine  
  38  3:21  SCV  
  38  3:23  Combat Shield  
  38  3:25  Marine  
  41  3:29  Supply Depot  
  41  3:31  SCV  
  41  3:33  SCV  
  43  3:34  Marine  
  43  3:37  Marine  
  43  3:39  Marine  
  46  3:51  SCV x2, Marine  
  46  3:52  Marine  
  50  3:56  Supply Depot  
  50  4:00  Marine  
  50  4:01  Marine  
  52  4:03  SCV x2  
  52  4:05  Factory  
  52  4:09  Engineering Bay  
  54  4:17  Marine x2  
  54  4:18  SCV x2, Marine  
  54  4:22  Supply Depot  
  54  4:24  Supply Depot  
  59  4:28  Marine  
  59  4:30  SCV x2  
  62  4:35  Terran Infantry Weapons Level 1  
  62  4:37  Refinery  
  62  4:43  Marine x3  
  62  4:44  SCV x2  
  67  4:46  Marine  
  68  4:59  SCV  
  66  5:00  SCV  
  66  5:01  Marine  
  66  5:02  Marine x2  
  62  5:07  Marine  
  62  5:09  Starport, Factory Reactor  
  62  5:11  SCV  
  62  5:12  SCV  
  56  5:19  Marine  
  56  5:20  Marine x2  
  59  5:22  Command Center  
  59  5:25  SCV x2, Marine  
  62  5:32  Supply Depot  
  62  5:33  Supply Depot  
  62  5:37  Marine  
  62  5:38  Marine  
  62  5:40  SCV x2  
  66  5:43  Marine  
  66  5:47  Barracks Reactor, Refinery  
  67  5:51  Siege Tank  
  67  5:52  Medivac x2  
  67  5:53  SCV  
  67  5:54  SCV  
  67  5:55  Marine  
  67  5:56  Marine  
  78  5:58  Supply Depot  
  78  6:00  Marine  
  81  6:13  Marine  
  81  6:14  SCV, Marine  
  81  6:15  SCV  
  83  6:18  Marine  
  83  6:20  Supply Depot  
  83  6:22  Medivac x2  
  83  6:24  Siege Tank, Marine x2  
  93  6:30  SCV x2, Marine  
  93  6:31  Marine  
  97  6:36  Marine  
  97  6:37  Barracks  
  97  6:38  Barracks, Orbital Command  
  98  6:42  SCV x2, Marine x2  
  102  6:48  Marine  
  102  6:49  Marine  
  104  6:54  Marine  
  104  6:56  Siege Tank  
  104  6:57  Liberator  
  104  7:00  Liberator, Marine  
  116  7:01  SCV x2  
  112  7:09  SCV  
  112  7:12  Marine x2  
  112  7:13  SCV, Marine x2  
  117  7:19  Missile Turret  
  117  7:23  SCV x2  
  117  7:25  SCV  
  117  7:27  Barracks Reactor x2  
  120  7:31  Siege Tank  
  120  7:35  SCV  
  120  7:36  Orbital Command  
  124  7:48  Medivac x2  
  124  7:50  Marine x5  
  118  7:57  Supply Depot  
  118  7:58  Supply Depot  
  118  8:03  Siege Tank  
  118  8:04  Marine x4  
  114  8:06  SCV  
  114  8:08  Marine x4  
  114  8:11  Marine  
  120  8:19  SCV x2  
  116  8:21  Marine x2  
  116  8:22  Marine  
  116  8:26  Marine x3  
  98  8:29  Marine  
  98  8:33  Orbital Command  
  87  8:38  Liberator x2  
  89  8:43  Siege Tank  
  89  8:44  Marine  
  89  8:47  Marine x3  
  96  8:49  Marine  
  96  8:50  Marine  
  96  8:51  Marine  
  96  8:52  Marine  
  96  8:53  Marine  
  101  9:02  Marine  
  98  9:04  Marine  
  98  9:05  Marine x2  
  98  9:07  Marine  
  98  9:08  Marine  
  98  9:09  Marine  
Show
View Real Time Build Order
Export as new Build Order

Reynor Zerg - Winner!

Build Orders: Hatch First 

Get SALT Encoding   

  12  0:00  Drone  
  13  0:12  Overlord  
  13  0:16  Drone  
  14  0:30  Drone x2  
  16  0:47  Hatchery  
  15  0:51  Drone  
  15  0:54  Drone  
  17  0:58  Drone  
  18  1:09  Extractor  
  17  1:13  Spawning Pool  
  17  1:16  Drone  
  17  1:19  Drone  
  18  1:27  Drone  
  19  1:38  Drone  
  20  1:48  Overlord  
  20  2:00  Queen x2  
  20  2:01  Zergling x4  
  26  2:10  Drone  
  26  2:11  Drone  
  26  2:12  Metabolic Boost  
  28  2:20  Drone  
  29  2:24  Drone  
  30  2:33  Hatchery  
  30  2:36  Drone  
  30  2:39  Drone  
  31  2:48  Pneumatized Carapace  
  31  2:51  Queen  
  31  2:56  Overlord  
  33  2:59  Drone  
  33  3:03  Drone  
  33  3:04  Drone  
  36  3:15  Drone x2  
  36  3:16  Zergling x4  
  36  3:17  Drone x2  
  42  3:25  Overlord  
  42  3:27  Queen  
  44  3:39  Overlord  
  44  3:44  Drone x4  
  44  3:45  Overlord  
  48  3:48  Queen  
  48  3:54  Overlord  
  50  4:01  Baneling Nest  
  50  4:02  Drone  
  50  4:03  Drone  
  50  4:04  Drone x2  
  50  4:05  Drone x2  
  50  4:08  Queen  
  57  4:14  Drone x3  
  60  4:17  Zergling x4  
  60  4:20  Overlord  
  60  4:22  Zergling x2  
  63  4:25  Zergling x4  
  63  4:27  Zergling x2  
  63  4:30  Overlord  
  65  4:40  Zergling x16  
  65  4:44  Baneling x3  
  73  4:48  Overlord  
  72  4:54  Zergling x4  
  72  4:55  Baneling  
  66  5:01  Zergling x14  
  66  5:06  Zergling x4  
  71  5:09  Queen  
  71  5:11  Zergling x2  
  71  5:13  Drone  
  72  5:16  Drone  
  72  5:18  Lair, Extractor  
  72  5:20  Drone x2  
  73  5:22  Drone  
  73  5:23  Drone  
  73  5:25  Drone  
  73  5:26  Drone  
  77  5:30  Drone, Extractor  
  77  5:36  Drone  
  77  5:37  Drone  
  77  5:41  Overlord  
  77  5:42  Evolution Chamber  
  78  5:46  Drone x3, Burrow  
  81  5:51  Overlord  
  81  5:55  Drone, Extractor  
  81  6:03  Zergling x12  
  87  6:11  Zerg Ground Armor Level 1, Zergling x2  
  88  6:13  Drone x3  
  88  6:15  Drone x2  
  88  6:17  Hatchery  
  92  6:20  Zergling x6  
  92  6:23  Centrifugal Hooks  
  92  6:25  Overlord  
  94  6:31  Drone  
  94  6:32  Zergling x4  
  97  6:33  Baneling x3  
  97  6:35  Overlord  
  97  6:37  Baneling x2  
  97  6:43  Zergling x14  
  97  6:45  Baneling x3  
  104  6:50  Zergling x4  
  104  6:52  Overlord  
  106  6:56  Zergling x8  
  106  6:59  Zergling x6  
  110  7:06  Zergling x4  
  101  7:10  Zergling x8  
  101  7:14  Zergling x2  
  105  7:17  Zergling x2  
  106  7:25  Baneling x10  
  106  7:26  Zergling x12  
  112  7:31  Zergling x2  
  112  7:33  Zergling x2  
  113  7:38  Baneling x5, Zergling x4  
  113  7:40  Zergling x8  
  113  7:41  Zergling x2  
  113  7:44  Zergling x4  
  118  7:46  Zergling x4  
  118  7:48  Baneling x3  
  116  7:52  Zergling x2  
  116  7:53  Zergling x2  
  116  7:57  Zergling x2  
  116  7:58  Queen  
  119  7:59  Overlord  
  119  8:00  Queen  
  119  8:03  Zergling x2  
  119  8:08  Baneling x2  
  119  8:09  Zergling x2  
  119  8:11  Overlord  
  117  8:19  Zergling x2  
  113  8:20  Zergling x10  
  113  8:21  Zergling x2  
  113  8:26  Zergling x2  
  113  8:27  Zergling x2  
  108  8:29  Zergling x2  
  108  8:30  Queen  
  108  8:32  Zergling x4  
  103  8:34  Zergling x2  
  103  8:38  Overseer  
  103  8:39  Drone x3  
  103  8:40  Queen x2  
  108  8:42  Queen  
  108  8:43  Zergling x4  
  108  8:46  Drone x2  
  114  8:49  Baneling x8  
  114  8:50  Drone  
  114  8:55  Baneling x4  
  115  8:58  Drone x3  
  115  9:01  Drone  
  119  9:04  Baneling  
  119  9:05  Baneling x4  
  119  9:06  Zergling x10, Queen  
Tags
 
Add a new tag
Caveats
  • Supply blocks, unpowered buildings, or Contaminate may cause inaccurate times.
  • Supply counts are checked every 10 seconds.